 Dungeon Crawl Stone Soup version 0.21.1-1-g345015f (webtiles) character file.

36 tidbits the Magician (level 3, 0/28 HPs)
             Began as a Gnoll Wanderer on June 7, 2018.
             Slain by an adder (2 damage)
             ... on level 2 of the Dungeon on June 8, 2018.
             The game lasted 00:04:13 (183 turns).

tidbits the Magician (Gnoll Wanderer)                Turns: 183, Time: 00:04:13

Health: 0/28       AC:  2    Str: 11    XL:     3   Next: 37%
Magic:  11/11      EV: 11    Int: 17    God:
Gold:   41         SH:  0    Dex: 15    Spells: 12/16 levels left

rFire    . . .     SeeInvis .   a - +2 quarterstaff
rCold    . . .     Gourm    .   (shield currently unavailable)
rNeg     . . .     Faith    .   d - +0 robe
rPois    .         Spirit   .   (no helmet)
rElec    .         Reflect  .   (no cloak)
rCorr    .         Harm     .   (no gloves)
MR       .....                  (no boots)
Stlth    +++.......             (no amulet)
HPRegen  0.09/turn              (no ring)
MPRegen  0.12/turn              (no ring)

@: lethally poisoned (0 -> -3)
A: distributed training, fangs 1, strong nose
a: no special abilities


You were on level 2 of the Dungeon.
You were not hungry.

You visited 1 branch of the dungeon, and saw 3 of its levels.

You collected 41 gold pieces.

Inventory:

Hand Weapons
 a - a +2 quarterstaff (weapon)
 e - a +0 dagger
 h - a +2 hunting sling of freezing
   (You found it on level 1 of the Dungeon)
Missiles
 i - 4 javelins of penetration (quivered)
 k - 7 curare-tipped needles
Armour
 d - a +0 robe (worn)
Scrolls
 j - a scroll of remove curse {unknown}
Potions
 c - a potion of curing
 g - a potion of resistance {unknown}
Books
 b - Jacwih's Guide on Transmutation

   Spells                             Type                      Level
   a - Passwall                       Transmutation/Earth          2
   b - Sticks to Snakes               Transmutation                2
Comestibles
 f - a ration


   Skills:
 + Level 2.6 Fighting
 + Level 0.7 Short Blades
 + Level 0.7 Long Blades
 + Level 0.7 Axes
 + Level 0.7 Maces & Flails
 + Level 0.7 Polearms
 + Level 2.6 Staves
 + Level 0.7 Slings
 + Level 0.7 Bows
 + Level 0.7 Crossbows
 + Level 0.7 Throwing
 + Level 0.7 Armour
 + Level 0.7 Dodging
 + Level 6.0 Stealth
 + Level 0.7 Shields
 + Level 0.7 Unarmed Combat
 + Level 7.1 Spellcasting
 + Level 0.5 Conjurations
 + Level 0.5 Hexes
 + Level 0.5 Charms
 + Level 0.5 Summonings
 + Level 0.5 Necromancy
 + Level 0.5 Translocations
 + Level 0.5 Transmutations
 + Level 0.5 Fire Magic
 + Level 3.7 Ice Magic
 + Level 0.5 Air Magic
 + Level 0.5 Earth Magic
 + Level 0.5 Poison Magic
 + Level 0.9 Invocations
 + Level 0.7 Evocations


You had 12 spell levels left.
You knew the following spells:

 Your Spells              Type           Power        Failure   Level  Hunger
k - Sticks to Snakes      Tmut           #.......     14%         2    None
p - Passwall              Tmut/Erth      #.........   14%         2    None


Dungeon Overview and Level Annotations

Branches:
Dungeon (3/15)

Altars:


Innate Abilities, Weirdness & Mutations

Your experience applies equally to all skills.
You have very sharp teeth.
Your uncanny sense of smell can sniff out nearby items.


Message History

There is a stone staircase leading down here.
You climb downwards.
There is a stone staircase leading up here.
Unknown command.
Found 12 gold pieces.
You see here 12 gold pieces.
You now have 41 gold pieces (gained 12).
Found a scroll labeled BOIMEXK DAATA and 7 curare-tipped needles.
You see here a scroll labeled BOIMEXK DAATA.
j - a scroll labeled BOIMEXK DAATA A bat comes into view.
Found a stone staircase leading down.
You see here 7 curare-tipped needles.
k - 7 curare-tipped needles The helpless bat fails to defend itself.
You hit the bat.
The bat is heavily wounded.
The bat misses you. The bat barely misses you.
You hit the bat.
You kill the bat!
A dart slug comes into view.
A frilled lizard comes into view.
There is a stone staircase leading down here.
You climb downwards.
Natasha, Servant of Life and Death comes into view.
Found 4 gold pieces.
There is a stone staircase leading up here.
Natasha hisses angrily.
Natasha closely misses you.
You hit Natasha. Your bite misses Natasha.
Natasha is heavily wounded.
Natasha casts a spell.
You closely miss Natasha.
Natasha is heavily wounded.
Natasha claws you. The shadow imp closely misses you.
You barely miss Natasha.
Natasha is heavily wounded.
Natasha casts a spell.
The shadow imp hits you.
You closely miss Natasha.
Natasha is moderately wounded.
Natasha stares at you and mumbles some strange words.
You feel yourself slow down. The shadow imp barely misses you.
The iron imp hits you. Natasha misses you.
You sock Natasha!
You kill Natasha!
You hear a faint echoing roar filled with hate and sorrow!
The shadow imp disappears in a puff of smoke!
The iron imp disappears in a puff of smoke!
Your Stealth skill increases to level 6!
You have reached level 3!
Your experience leads to an increase in your attributes!
Increase (S)trength, (I)ntelligence, or (D)exterity?
You feel clever.
You already know all available spells.
Unknown command.
There is a stone staircase leading up here.
You climb upwards.
There is a stone staircase leading down here.
Unknown command.
An adder comes into view.
The helpless dart slug fails to defend itself.
You hit the dart slug.
The dart slug is heavily wounded.
The dart slug bites you.
You hit the dart slug.
The dart slug is severely wounded.
The dart slug misses you.
You sock the dart slug!
You kill the dart slug!
You feel yourself speed up.
Saving game... please wait.
Welcome back, tidbits the Gnoll Wanderer.
Press ? for a list of commands and other information.
There is a stone staircase leading down here.
The adder bites you.
* * * LOW HITPOINT WARNING * * *
You are poisoned.
The adder poisons you!
You hit the adder. Your bite misses the adder.
The adder is severely wounded.
You feel sick. The adder bites you.
* * * LOW HITPOINT WARNING * * *
You hit the adder.
The adder is almost dead.
The adder bites you.
* * * LOW HITPOINT WARNING * * *
The adder barely misses you.
You miss the adder.
The adder is almost dead.
The adder barely misses you.
You hit the adder but do no damage. You bite the adder, but do no damage.
The adder is almost dead.
You feel sick. The adder bites you.
* * * LOW HITPOINT WARNING * * *
The adder barely misses you.
You barely miss the adder.
The adder is almost dead.
The adder bites you.
You die...

#.# #.###..........
#.# #......###### .
#.# ####...# ####.
#.# #...#####....
#.. #..........# ##.
##...#.###..#
..............#
..............# #
...........@...#.##.
#####...#.##S.......
#..........#.###
#....###.#.# # #....
#†#..# #.... ..# #.#
#### #... ... ....
l.. ...... #.


You could see an adder and a frilled lizard (sleeping).

Vanquished Creatures
  Natasha (D:3)
  A dart slug (D:2)
  A giant cockroach (D:1)
  A goblin (D:1)
  2 hobgoblins (D:1)
  A kobold (D:1)
  3 bats
  A frilled lizard (D:1)
11 creatures vanquished.

Notes
Turn   | Place    | Note
-------+----------+-------------------------------------------
     0 | D:1      | tidbits the Gnoll Wanderer began the quest for the Orb.
     0 | D:1      | tidbits set off with: a +2 quarterstaff, Jacwih's Guide on Transmutation, a potion of curing, a +0 robe, a +0 dagger, a ration
     0 | D:1      | Reached XP level 1. HP: 17/17 MP: 8/8
     0 | D:1      | Identified Jacwih's Guide on Transmutation
    62 | D:1      | Reached XP level 2. HP: 22/23 MP: 10/10
    73 | D:1      | Learned a level 2 spell: Passwall
    76 | D:1      | Learned a level 2 spell: Sticks to Snakes
   157 | D:3      | Noticed Natasha
   164 | D:3      | Killed Natasha
   164 | D:3      | Reached skill level 6 in Stealth
   164 | D:3      | Reached XP level 3. HP: 16/28 MP: 11/11
   182 | D:2      | HP: 2/28 [adder (4)]
   183 | D:2      | Slain by an adder

Skill      XL: |  1  2 |
---------------+-------+-----
Stealth        | 6 |  6.0
Fighting       | |  2.6
Short Blades   | |  0.7
Long Blades    | |  0.7
Axes           | |  0.7
Maces & Flails | |  0.7
Polearms       | |  0.7
Staves         | |  2.6
Slings         | |  0.7
Bows           | |  0.7
Crossbows      | |  0.7
Throwing       | |  0.7
Armour         | |  0.7
Dodging        | |  0.7
Shields        | |  0.7
Unarmed Combat | |  0.7
Spellcasting   | |  7.1
Conjurations   | |  0.5
Hexes          | |  0.5
Charms         | |  0.5
Summonings     | |  0.5
Necromancy     | |  0.5
Translocations | |  0.5
Transmutations | |  0.5
Fire Magic     | |  0.5
Ice Magic      | |  3.7
Air Magic      | |  0.5
Earth Magic    | |  0.5
Poison Magic   | |  0.5
Invocations    | |  0.9
Evocations     | |  0.7

Action                   || total
-------------------------++-------
Melee: Quarterstaff      ||    31
       Bite              ||     1
 Stab: Sleeping          ||     2
Armor: Robe              ||     3
Dodge: Dodged            ||    20

Table legend:
 A = Turns spent in this place as a percentage of turns spent in the entire game.
 B = Non-inter-level travel turns spent in this place as a percentage of non-inter-level travel turns spent in the entire game.
 C = Inter-level travel turns spent in this place as a percentage of turns spent in this place.
 D = Turns resting spent in this place as a percentage of non-inter-level travel turns spent in this place.
 E = Turns spent auto-exploring this place as a percentage of non-inter-level travel turns spent in this place.
 F = Non-inter-level travel turns spent in this place divided by the number of levels of this place that you've seen.
                   A       B       C       D       E      F
               +-------+-------+-------+-------+-------+----------------------
         Total | 100.0 | 100.0 |   0.0 |   0.0 |   0.0 |  61.0
       Dungeon | 100.0 | 100.0 |   0.0 |   0.0 |   0.0 |  61.0
               +-------+-------+-------+-------+-------+----------------------

Table legend:
 A = Kills in this place as a percentage of kills in entire the game.
 B = Kills by you in this place as a percentage of kills by you in the entire game.
 C = Kills by friends in this place as a percentage of kills by friends in the entire game.
 D = Other kills in this place as a percentage of other kills in the entire game.
 E = Experience gained in this place as a percentage of experience gained in the entire game.
 F = Experience gained in this place divided by the number of levels of this place that you have seen.
                   A       B       C       D       E      F
               +-------+-------+-------+-------+-------+----------------------
         Total | 100.0 | 100.0 |   N/A |   N/A | 100.0 |  17.3
       Dungeon | 100.0 | 100.0 |   N/A |   N/A | 100.0 |  17.3
               +-------+-------+-------+-------+-------+----------------------

Vault maps used:
D:1:      ncdulo_wetmaze, minmay_misc_feat_five, minmay_misc_feat_hallway
D:2:      nicolae_qazlal_style_of_elements, kiku_gazebo_pond_becter
D:3:      gammafunk_steamed_eel, first_ration, minmay_crystal_room, uniq_natasha
